 Dungeon Crawl Stone Soup version 0.24.0-10-g970556be89 (webtiles) character file.

Game seed: 15673438553366952525, levelgen mode: deterministic

168 theswoord the Chopper (level 5, -8/41 HPs)
             Began as a Demonspawn Monk on Nov 4, 2019.
             Mangled by a gnoll
             ... wielding a +0 halberd
              (11 damage)
             ... on level 3 of the Dungeon.
             The game lasted 00:03:35 (2581 turns).

theswoord the Chopper (Demonspawn Monk)             Turns: 2581, Time: 00:03:35

Health: -8/41      AC:  7    Str: 12    XL:     5   Next: 23%
Magic:  5/5        EV: 11    Int: 12    God:
Gold:   88         SH:  0    Dex: 15    Spells: 4/4 levels left

rFire    + . .     SeeInvis .   a - +0 hand axe
rCold    . . .     Gourm    .   (no shield)
rNeg     . . .     Faith    .   o - +0 ring mail
rPois    .         Spirit   .   (no helmet)
rElec    .         Reflect  .   (no cloak)
rCorr    .         Harm     .   (no gloves)
MR       .....                  (no boots)
Stlth    ++........             (no amulet)
HPRegen  0.13/turn              h - ring of protection from fire
MPRegen  0.09/turn              (no ring)

@: no status effects
A: molten scales 1, nightstalker 1
a: no special abilities


You were on level 3 of the Dungeon.
You were not hungry.

You visited 1 branch of the dungeon, and saw 3 of its levels.

You collected 88 gold pieces.

Inventory:

Hand Weapons
 a - a +0 hand axe (weapon)
Armour
 b - a +0 robe
 e - a +0 ring mail
 i - a +0 shield
 o - a +0 ring mail (worn)
 s - a +0 helmet
Jewellery
 h - a ring of protection from fire (left hand)
Scrolls
 d - 3 scrolls of identify
 f - 2 scrolls of blinking
 g - a scroll of magic mapping {unknown}
 j - 2 scrolls of fear
Potions
 k - a potion of heal wounds
 l - a potion of curing
 m - a potion of ambrosia
 p - a potion of magic
Comestibles
 c - 6 rations
 r - 4 chunks of flesh


   Skills:
 - Level 3.0 Fighting
 + Level 5.4 Axes
 - Level 2.6 Dodging
 - Level 1.7 Stealth


You had 4 spell levels left.
You didn't know any spells.
Your spell library was empty.

Dungeon Overview and Level Annotations

Branches:
Dungeon (3/15)

Altars:
Cheibriados
Hepliaklqana
Nemelex Xobeh


Innate Abilities, Weirdness & Mutations

You are partially covered in molten scales. (AC +2)
You are slightly more attuned to the shadows.


Message History

* * * LOW HITPOINT WARNING * * *
Your ring mail prevents you from hitting the gnoll.
The gnoll is severely wounded.
The gnoll closely misses you.
You hit the gnoll.
You kill the gnoll!
The gnoll closely misses you. The gnoll hits you but does no damage.
The gnoll misses you.
Things that are here:
a cursed -2 flail; a +0 flail; a gnoll corpse You hit the gnoll but do no damage.
The gnoll hits you with a +0 halberd!
* * * LOW HITPOINT WARNING * * *
You hit the gnoll but do no damage.
The gnoll hits you from afar with a +0 halberd.
* * * LOW HITPOINT WARNING * * *
The gnoll closely misses you.
You hit the gnoll.
The gnoll is heavily wounded.
The gnoll hits you from afar with a +0 halberd!
You die...

#..#..##...##.....
##...####.####......
#..##..#'#..##.....
#..##.......##.....
##..##[._..##......
##..##...##.......
##..##.##........
##..###.........
##..@gg.)......
######........
#########


You could see 2 gnolls.

Vanquished Creatures
  Jessica (D:3)
  Terence (D:2)
  2 gnolls (D:3)
  3 adders (D:3)
  A worm (D:2)
  2 dart slugs (D:1)
  3 leopard geckos
  3 orcs (D:3)
  3 giant cockroaches
  9 goblins
  11 hobgoblins
  4 jackals
  A quokka (D:3)
  A ball python (D:1)
  3 bats
  3 frilled lizards
  2 kobolds (D:2)
  7 rats
60 creatures vanquished.

Notes
Turn   | Place    | Note
-------+----------+-------------------------------------------
     0 | D:1      | theswoord the Demonspawn Monk began the quest for the Orb.
     0 | D:1      | Reached XP level 1. HP: 18/18 MP: 1/1
   137 | D:1      | Reached skill level 3 in Axes
   175 | D:1      | Gained mutation: You are slightly more attuned to the
                  | shadows. [demonic ancestry]
   175 | D:1      | Reached XP level 2. HP: 17/24 MP: 2/2
   858 | D:2      | Reached XP level 3. HP: 29/29 MP: 3/3
   988 | D:2      | Reached skill level 4 in Axes
  1178 | D:2      | Noticed Terence
  1185 | D:2      | Killed Terence
  1212 | D:2      | Found a snail-covered altar of Cheibriados.
  1220 | D:2      | Reached XP level 4. HP: 4/35 MP: 4/4
  1565 | D:2      | Found a hazy altar of Hepliaklqana.
  2280 | D:3      | Reached skill level 5 in Axes
  2338 | D:3      | Found a sparkling altar of Nemelex Xobeh.
  2338 | D:3      | Noticed Jessica
  2355 | D:3      | Killed Jessica
  2355 | D:3      | Gained mutation: You are partially covered in molten
                  | scales. (AC +2) [demonic ancestry]
  2355 | D:3      | Reached XP level 5. HP: 18/41 MP: 5/5
  2581 | D:3      | Mangled by a gnoll

Skill      XL: |  1  2  3  4 |
---------------+-------------+-----
Axes           | 3 4 5 |  5.4
Fighting       | |  3.0
Dodging        | |  2.6
Stealth        | |  1.7

Action                   |  1- 3 |  4- 6 || total
-------------------------+-------+-------++-------
Melee: Hand axe          |   144 |    89 ||   233
  Use: Potion            |     1 |       ||     1
       Scroll            |       |     9 ||     9
 Stab: Sleeping          |     6 |     3 ||     9
       Distracted        |       |     1 ||     1
  Eat: Chunk             |     1 |     5 ||     6
Armor: Ring mail         |    45 |    20 ||    65
       Robe              |     2 |       ||     2
Dodge: Dodged            |    81 |    54 ||   135

Levels and vault maps discovered:
D:1:      minmay_arrival_shattered_statue, layout_rooms, serial_bayou,
          serial_bayou_pond_e, serial_bayou_crossing, serial_bayou_lagoon_a,
          serial_bayou_shore_b
D:2:      layout_basic, marbit_many_paths, lemuel_round_altar, first_ration,
          uniq_terence
D:3:      layout_basic, nemelex_lonely_heart_becter
